SKY
BOSTON RED SOX @ CLEVELAND INDIANS
03/05/2053
 
TOP OF THE 1ST
Boston Red Sox batting - Pitching for Cleveland Indians : RHP Kelly Estrada
Pitching: RHP Kelly Estrada
Batting: LHB Ben Viet 0-0: Ball
1-0: Called Strike
1-1: Called Strike
1-2: Strikes out swinging
Batting: RHB Travis Higginbotham 0-0: Fly out, F9 (Flyball, 9S, EV 86.9 MPH)
Batting: SHB Christian Gibbs 0-0: Called Strike
0-1: Called Strike
0-2: Foul Ball, location: 9LMFF
0-2: SINGLE (Groundball, 3D, EV 100.6 MPH)
Batting: RHB William Spicer 0-0: Called Strike
Christian Gibbs is caught stealing 2nd base 2-4
Top of the 1st over - 0 runs, 1 hit, 0 errors, 0 left on base; Boston 0 - Cleveland 0
BOTTOM OF THE 1ST
Cleveland Indians batting - Pitching for Boston Red Sox : LHP Louis Favreau
Pitching: LHP Louis Favreau
Batting: RHB Cowboy Beyer 0-0: Called Strike
0-1: Ball
1-1: Ball
2-1: Foul Ball, location: 7LDF
2-2: Ground out 6-3 (Groundball, 6, EV 97.5 MPH)
Batting: RHB Chia-Wei Ni 0-0: Called Strike
0-1: Swinging Strike
0-2: Fly out, F9 (Flyball, 89S, EV 89.4 MPH)
Batting: LHB Jonathan DeMarino 0-0: Ball
1-0: Ground out 6-3 (Groundball, 4M, EV 86.3 MPH)
Bottom of the 1st over - 0 runs, 0 hits, 0 errors, 0 left on base; Boston 0 - Cleveland 0
TOP OF THE 2ND
Boston Red Sox batting - Pitching for Cleveland Indians : RHP Kelly Estrada
Batting: RHB William Spicer 0-0: Swinging Strike
0-1: Called Strike
0-2: SINGLE (Groundball, 56, EV 85.0 MPH)
Batting: LHB Gabe Hardy 0-0: Called Strike
0-1: SINGLE (Groundball, 4MD, EV 105.6 MPH)
William Spicer to second
Batting: RHB Liam Sena 0-0: Called Strike
0-1: Ball
1-1: Grounds into double play, 6-4-3 (Groundball, 6, EV 104.4 MPH)
William Spicer to third
Batting: RHB Victor Cuello 0-0: Ball
1-0: Ball
2-0: Called Strike
2-1: Foul Ball, location: 2F
2-2: Ball
3-2: Base on Balls
Batting: RHB Jalen Duke 0-0: Swinging Strike
0-1: Ball
1-1: Fly out, F9 (Flyball, 9D, EV 98.1 MPH)
Top of the 2nd over - 0 runs, 2 hits, 0 errors, 2 left on base; Boston 0 - Cleveland 0
BOTTOM OF THE 2ND
Cleveland Indians batting - Pitching for Boston Red Sox : LHP Louis Favreau
Batting: LHB Harrison Waite 0-0: SINGLE (Line Drive, 8LS, EV 98.1 MPH)
Batting: RHB Antony Olguin 0-0: Called Strike
0-1: Foul Ball, location: 3DF
0-2: Strikes out swinging
Batting: RHB Augustin Pineira 0-0: Foul Ball, location: 2F
0-1: Ball
1-1: Swinging Strike
1-2: Fly out, F8 (Flyball, 89M, EV 95.6 MPH)
Batting: RHB Willard Putnam 0-0: Ball
1-0: Ball
2-0: Ball
3-0: Called Strike
3-1: Called Strike
3-2: Base on Balls
Harrison Waite to second
Batting: RHB Oliver Melendez 0-0: Ball
1-0: Swinging Strike
1-1: DOUBLE (Line Drive, 89D, EV 93.8 MPH)
Harrison Waite scores
Willard Putnam to third
Runner from 3rd tries for Home, SAFE, no throw by CF
Batting: LHB Ayden Corcoran 0-0: Ball
1-0: Foul Ball, location: 2F
1-1: Fly out, F7 (Flyball, 7, EV 74.4 MPH)
Bottom of the 2nd over - 2 runs, 2 hits, 0 errors, 1 left on base; Boston 0 - Cleveland 2
TOP OF THE 3RD
Boston Red Sox batting - Pitching for Cleveland Indians : RHP Kelly Estrada
Batting: SHB Elías Saucedo 0-0: Ball
1-0: Swinging Strike
1-1: Ball
2-1: SINGLE (Line Drive, 9S, EV 91.3 MPH)
Batting: LHB Ben Viet 0-0: Called Strike
0-1: Ball
1-1: Ground out 6-3 (Groundball, 4, EV 88.8 MPH)
Elías Saucedo to second
Batting: RHB Travis Higginbotham 0-0: Ball
1-0: Foul Ball, location: 2F
1-1: Ball
2-1: Ball
3-1: Swinging Strike
3-2: Strikes out swinging
Pitching: RHP Cam Watson
Batting: SHB Christian Gibbs 0-0: Called Strike
0-1: Swinging Strike
0-2: Strikes out swinging
Top of the 3rd over - 0 runs, 1 hit, 0 errors, 1 left on base; Boston 0 - Cleveland 2
BOTTOM OF THE 3RD
Cleveland Indians batting - Pitching for Boston Red Sox : LHP Louis Favreau
Batting: RHB Cowboy Beyer 0-0: Ball
1-0: Called Strike
1-1: Ball
2-1: SINGLE (Line Drive, 8LS, EV 99.4 MPH)
Batting: RHB Chia-Wei Ni 0-0: Ball
1-0: Ball
2-0: Ball
Cowboy Beyer steals 2nd base
3-0: Called Strike
3-1: Ground out 4-3 (Groundball, 34, EV 92.5 MPH)
Cowboy Beyer to third
Batting: LHB Jonathan DeMarino 0-0: Ball
1-0: Called Strike
1-1: Ball
2-1: Ball
3-1: Called Strike
3-2: Fly out, F9 (Flyball, 9, EV 92.5 MPH)
Runner from 3rd tags up, SCORES, throw by RF
Batting: LHB Harrison Waite 0-0: Called Strike
0-1: Ball
1-1: Ball
2-1: Called Strike
2-2: Fly out, F4 (Popup, 4M, EV 58.1 MPH)
Bottom of the 3rd over - 1 run, 1 hit, 0 errors, 0 left on base; Boston 0 - Cleveland 3
TOP OF THE 4TH
Boston Red Sox batting - Pitching for Cleveland Indians : RHP Cam Watson
Batting: RHB William Spicer 0-0: Ball
1-0: Called Strike
1-1: Ball
2-1: Called Strike
2-2: Strikes out looking
Batting: LHB Gabe Hardy 0-0: Hit by Pitch
Batting: RHB Liam Sena 0-0: Called Strike
0-1: Ball
1-1: Called Strike
1-2: Ball
2-2: Strikes out swinging
Batting: RHB Victor Cuello 0-0: DOUBLE (Line Drive, 78XD, EV 110.6 MPH)
Gabe Hardy to third
Runner from 3rd tries for Home, SAFE, throw by LF to trailing runner, SAFE at third!
Pitching: LHP Jason Seal
Batting: RHB Jalen Duke 0-0: Ball
1-0: Ball
2-0: Ground out 1-3 (Groundball, 13S, EV 66.3 MPH)
Top of the 4th over - 1 run, 1 hit, 0 errors, 1 left on base; Boston 1 - Cleveland 3
BOTTOM OF THE 4TH
Cleveland Indians batting - Pitching for Boston Red Sox : LHP Louis Favreau
Pitching: RHP Owen Holiday
Batting: RHB Antony Olguin 0-0: Ball
1-0: Ball
2-0: Ball
3-0: Foul Ball, location: 2F
3-1: Base on Balls
Batting: RHB Augustin Pineira 0-0: Fielders Choice at 2nd, 4-6 (Groundball, 4, EV 101.3 MPH)
Batting: RHB Willard Putnam 0-0: Foul Ball, location: 2F
0-1: Ball
1-1: Ball
2-1: Ball
3-1: Called Strike
3-2: Foul Ball, location: 2F
3-2: SINGLE (Line Drive, 78S, EV 100.0 MPH)
Augustin Pineira to second
Batting: RHB Oliver Melendez 0-0: Ball
1-0: SINGLE (Groundball, 4MD, EV 108.8 MPH)
Augustin Pineira to third
Willard Putnam to second
Runner from 3rd tries for Home, SAFE, throw by CF to home
Batting: LHB Ayden Corcoran 0-0: Ball
1-0: Called Strike
1-1: 3-RUN HOME RUN (Line Drive, 9LD, EV 98.1 MPH), Distance : 386 ft
Pitching: RHP Dylan Lafferty
Batting: RHB Cowboy Beyer 0-0: Called Strike
0-1: Fly out, F8 (Flyball, 78S, EV 91.3 MPH)
Batting: RHB Chia-Wei Ni 0-0: Swinging Strike
0-1: Ground out 4-3 (Groundball, 4, EV 99.4 MPH)
Bottom of the 4th over - 4 runs, 3 hits, 0 errors, 0 left on base; Boston 1 - Cleveland 7
TOP OF THE 5TH
Boston Red Sox batting - Pitching for Cleveland Indians : LHP Jason Seal
Now at C: Paquito Peña
Now at 1B: Elliot Absher
Now in LF: Dominic Hodgkins
Batting: SHB Elías Saucedo 0-0: Foul Ball, location: 2F
0-1: Swinging Strike
0-2: Strikes out swinging
Batting: LHB Ben Viet 0-0: Ball
1-0: Ball
2-0: Ball
3-0: Called Strike
3-1: Called Strike
3-2: SINGLE (Groundball, 4MD, EV 104.4 MPH)
Batting: RHB Travis Higginbotham 0-0: Ball
1-0: Called Strike
1-1: Fly out, F9 (Flyball, 9S, EV 92.5 MPH)
Batting: RHB Ruben Otero 0-0: Ball
1-0: SINGLE (Groundball, 34D, EV 96.3 MPH)
Ben Viet to second
Runner from 2nd tries for 3rd, SAFE, throw by RF made to third
Ruben Otero to second
Pinch Hitting: RHB Jeremy Fountain 0-0: Ball
1-0: Fly out, F8 (Flyball, 8LD, EV 79.4 MPH)
Top of the 5th over - 0 runs, 2 hits, 0 errors, 2 left on base; Boston 1 - Cleveland 7
BOTTOM OF THE 5TH
Cleveland Indians batting - Pitching for Boston Red Sox : RHP Dylan Lafferty
Pitching: RHP Jacob Jordan
Now at C: J.R. Earl
Now in LF: Jeremy Fountain
Batting: LHB Elliot Absher 0-0: SINGLE (Groundball, 4MD, EV 101.9 MPH)
Batting: LHB Harrison Waite 0-0: Foul Ball, location: 7LSF
0-1: Ball
1-1: Ball
2-1: Swinging Strike
2-2: Foul Ball, location: 7LDF
2-2: Strikes out swinging
Batting: RHB Dominic Hodgkins 0-0: Called Strike
0-1: Grounds into double play, 6-4-3 (Groundball, 6, EV 88.8 MPH)
Bottom of the 5th over - 0 runs, 1 hit, 0 errors, 0 left on base; Boston 1 - Cleveland 7
TOP OF THE 6TH
Boston Red Sox batting - Pitching for Cleveland Indians : LHP Jason Seal
Pitching: RHP Jimmy Leonard
Now at 3B: Gage Timko
Now at SS: Cory Martínez
Pinch Hitting: RHB Alastair Cooledge 0-0: Ball
1-0: Called Strike
1-1: Ball
2-1: Called Strike
2-2: Fly out, F6 (Popup, 6, EV 66.3 MPH)
Batting: RHB J.R. Earl 0-0: Ground out 4-3 (Groundball, 34, EV 87.5 MPH)
Pinch Hitting: LHB Nathan Holland 0-0: Ball
1-0: DOUBLE (Groundball, 3L, EV 100.6 MPH)
Pinch Hitting: LHB Mitsukuni Yamamoto 0-0: Swinging Strike
0-1: SINGLE (Flyball, 8RS, EV 94.4 MPH)
Nathan Holland to third
Pinch Hitting: RHB Rudy Hughes 0-0: Ball
1-0: Ball
2-0: Ball
3-0: Called Strike
3-1: Foul Ball, location: 5FF
3-2: Foul Ball, location: 5F
3-2: Base on Balls
Mitsukuni Yamamoto to second
Batting: LHB Ben Viet 0-0: Foul Ball, location: 7LSF
0-1: Ball
1-1: Ball
2-1: Ball
3-1: Foul Ball, location: 2RF
3-2: Strikes out swinging
Top of the 6th over - 0 runs, 2 hits, 0 errors, 3 left on base; Boston 1 - Cleveland 7
BOTTOM OF THE 6TH
Cleveland Indians batting - Pitching for Boston Red Sox : RHP Jacob Jordan
Pitching: LHP Ali Ahmadi
Now at 2B: Alastair Cooledge
Now at 3B: Mitsukuni Yamamoto
Now at SS: Rudy Hughes
Now in CF: Nathan Holland
Batting: RHB Chuck Mullenix 0-0: Called Strike
0-1: Ball
1-1: Foul Ball, location: 2F
1-2: Strikes out swinging
Batting: RHB Gage Timko 0-0: Ball
1-0: Ground out 4-3 (Groundball, 4D, EV 110.0 MPH)
Pinch Hitting: LHB Breki Hannibalsson 0-0: Foul Ball, location: 7LMF
0-1: Ground out 4-3 (Groundball, 4, EV 80.6 MPH)
Bottom of the 6th over - 0 runs, 0 hits, 0 errors, 0 left on base; Boston 1 - Cleveland 7
TOP OF THE 7TH
Boston Red Sox batting - Pitching for Cleveland Indians : RHP Jimmy Leonard
Pitching: RHP Easton Wilson
Now in LF: Scott Tremblay
Now in CF: Dominic Hodgkins
Now in RF: Breki Hannibalsson
Pinch Hitting: RHB Elías Espinosa 0-0: Called Strike
0-1: Ball
1-1: Ball
2-1: Swinging Strike
2-2: Foul Ball, location: 9LMF
2-2: Ball
3-2: Base on Balls
Batting: RHB Ruben Otero 0-0: Fielders Choice at 2nd, 6-4 (Groundball, 56, EV 81.9 MPH)
Batting: RHB Jeremy Fountain 0-0: Called Strike
0-1: Ball
1-1: Grounds into double play, 5-4-3 (Groundball, 56, EV 106.3 MPH)
Top of the 7th over - 0 runs, 0 hits, 0 errors, 0 left on base; Boston 1 - Cleveland 7
BOTTOM OF THE 7TH
Cleveland Indians batting - Pitching for Boston Red Sox : LHP Ali Ahmadi
Pitching: RHP Stephen Gordon
Now at 1B: Elías Espinosa
Batting: LHB Paquito Peña 0-0: Ground out 4-3 (Groundball, 4, EV 81.3 MPH)
Batting: RHB Cowboy Beyer 0-0: Foul Ball, location: 9LDF
0-1: Ball
1-1: Called Strike
1-2: Ball
2-2: Ball
3-2: Foul Ball, location: 2F
3-2: Base on Balls
Pinch Hitting: LHB Colton Moss 0-0: Ball
1-0: Called Strike
1-1: Ground out 6-3 (Groundball, 6S, EV 76.3 MPH)
Cowboy Beyer to second
Batting: LHB Elliot Absher 0-0: Called Strike
0-1: Fly out, F7 (Flyball, 7LD, EV 89.4 MPH)
Bottom of the 7th over - 0 runs, 0 hits, 0 errors, 1 left on base; Boston 1 - Cleveland 7
TOP OF THE 8TH
Boston Red Sox batting - Pitching for Cleveland Indians : RHP Easton Wilson
Pitching: LHP Nathan Frascella
Now at SS: Ben Schubert
Batting: RHB Alastair Cooledge 0-0: Ground out 6-3 (Groundball, 6, EV 91.9 MPH)
Batting: RHB J.R. Earl 0-0: Ground out 5-3 (Groundball, 56S, EV 90.6 MPH)
Batting: LHB Nathan Holland 0-0: Ground out 4-3 (Groundball, 4M, EV 100.6 MPH)
Top of the 8th over - 0 runs, 0 hits, 0 errors, 0 left on base; Boston 1 - Cleveland 7
BOTTOM OF THE 8TH
Cleveland Indians batting - Pitching for Boston Red Sox : RHP Stephen Gordon
Pitching: LHP Orlin Luna
Batting: RHB Scott Tremblay 0-0: Swinging Strike
0-1: DOUBLE (Line Drive, 78D, EV 106.3 MPH)
Batting: RHB Dominic Hodgkins 0-0: Called Strike
0-1: Foul Ball, location: 2F
0-2: Strikes out swinging
Batting: RHB Chuck Mullenix 0-0: Foul Ball, location: 9LSF
0-1: Ball
1-1: Ball
2-1: Foul Ball, location: 2F
2-2: Ball
3-2: Ground out 6-3 (Groundball, 6, EV 101.9 MPH)
Scott Tremblay to third
Batting: RHB Gage Timko 0-0: Called Strike
0-1: Foul Ball, location: 2F
0-2: Ball
1-2: Ball
2-2: Foul Ball, location: 9LSF
2-2: SINGLE (Line Drive, 89S, EV 95.0 MPH)
Scott Tremblay scores
Batting: LHB Breki Hannibalsson 0-0: Called Strike
0-1: Ball
1-1: Hit by Pitch
Gage Timko to second
Batting: LHB Paquito Peña 0-0: Ball
1-0: Called Strike
1-1: Fly out, F2 (Popup, 2RF, EV 90.0 MPH)
Bottom of the 8th over - 1 run, 2 hits, 0 errors, 2 left on base; Boston 1 - Cleveland 8
TOP OF THE 9TH
Boston Red Sox batting - Pitching for Cleveland Indians : LHP Nathan Frascella
Pitching: LHP Steve Mellett
Batting: LHB Mitsukuni Yamamoto 0-0: Ball
1-0: Called Strike
1-1: Swinging Strike
1-2: Ground out 4-3 (Groundball, 34D, EV 108.1 MPH)
Batting: RHB Rudy Hughes 0-0: Ball
1-0: Ground out 4-3 (Groundball, 4, EV 88.1 MPH)
Batting: LHB Ben Viet 0-0: Swinging Strike
0-1: Ball
1-1: DOUBLE (Groundball, 3L, EV 100.6 MPH)
Batting: RHB Elías Espinosa 0-0: Called Strike
0-1: Ball
1-1: Ground out 4-3 (Groundball, 4, EV 88.1 MPH)
Top of the 9th over - 0 runs, 1 hit, 0 errors, 1 left on base; Boston 1 - Cleveland 8
Sunday, May 19th , 2024 - OOTP Baseball 25.4 Build 64